 Dungeon Crawl Stone Soup version 0.20.0-15-g7f486f2 (webtiles) character file.

125 Chiseanne the Magician (level 4, -3/33 HPs)
             Began as a Demonspawn Wanderer on June 10, 2017.
             Slain by a slave (6 damage)
             ... led by Pikel
             ... on level 4 of the Dungeon.
             The game lasted 00:07:48 (3792 turns).

Chiseanne the Magician (Demonspawn Wanderer)        Turns: 3792, Time: 00:07:49

Health: -3/33      AC:  3    Str: 15    XL:     4   Next: 82%
Magic:  6/9        EV: 12    Int: 16    God:
Gold:   124        SH:  0    Dex: 13    Spells: 1/10 levels left

rFire    . . .     SeeInvis .   a - +4 dagger (venom)
rCold    . . .     Gourm    .   (no shield)
rNeg     . . .     Faith    .   d - +1 robe
rPois    .         Spirit   .   (no helmet)
rElec    .         Reflect  .   (no cloak)
rCorr    .         Harm     .   (no gloves)
MR       .....                  (no boots)
Stlth    +.........             (no amulet)
Regen    0.2/turn               r - ring of wizardry
MPRegen  0.2/turn               (no ring)

@: mighty
A: hooves 1, powered by pain 1
a: no special abilities


You were on level 4 of the Dungeon.
You were not hungry.

You visited 1 branch of the dungeon, and saw 4 of its levels.

You collected 124 gold pieces.

Inventory:

Hand Weapons
 a - a +4 dagger of venom (weapon)
Missiles
 c - 31 arrows
 j - 84 stones (quivered)
 k - 3 tomahawks
 l - 34 bolts
 o - 31 poisoned needles
 v - 3 javelins of returning
Armour
 d - a +1 robe (worn)
 n - a cursed +0 robe
Jewellery
 r - a ring of wizardry (left hand)
Scrolls
 m - a scroll of fear {unknown}
Potions
 b - a potion of lignification
 e - a potion of resistance {unknown}
 g - 2 potions of curing
 h - a potion of flight
 p - a potion of heal wounds
 q - a potion of cancellation {unknown}
 w - a potion of might {unknown}
Comestibles
 f - 2 bread rations
 i - a meat ration
 s - 6 fruits
 t - a chunk of flesh
 u - a royal jelly


   Skills:
 * Level 2.0 Fighting
 * Level 1.3 Dodging
 - Level 1.0 Stealth
 * Level 3.9 Spellcasting
 * Level 2.0 Conjurations
   Level 1.7 Earth Magic
 - Level 3.0 Poison Magic
   Level 1.0 Evocations


You had one spell level left.
You knew the following spells:

 Your Spells              Type           Power        Failure   Level  Hunger
a - Magic Dart            Conj           #...         3%          1    None
b - Blink                 Tloc           N/A          11%         2    ##.....
c - Mephitic Cloud        Conj/Pois/Air  #.......     11%         3    ###....
d - Conjure Flame         Conj/Fire      #.......     13%         3    ###....


Dungeon Overview and Level Annotations

Branches:
Dungeon (4/15)
 Temple: D:4-7

Altars:
Ashenzari
Qazlal

Annotations:
D:3 2 transporters
D:4 Pikel


Innate Abilities, Weirdness & Mutations

You have large cloven feet.
You sometimes gain a little power by taking damage.


Message History

Aim: a slave, wearing an animal skin (hasn't noticed you)
The ball explodes into a vile cloud!
The stinking cloud engulfs the slave.
The slave shouts!
The slave hits you!
* * * LOW HITPOINT WARNING * * *
The slave is engulfed in noxious fumes.
The slave appears confused.
A slave comes into view.
You hear the slow rusting of a distant drain.
The slave shouts!
The slave is engulfed in noxious fumes.
Pikel sighs. "I should capture elves; my bodyguards all look the same!"
The slave closely misses you. The slave hits you.
* * * LOW HITPOINT WARNING * * *
The slave hits you.
* * * LOW HITPOINT WARNING * * *
A slave comes into view.
The slave shouts!
The slave hits you.
You die...

#.##.##.####.##.##.## #....
...# #.##...÷.. ##.#.###.#
#.#####.## #.#.###.#
#.####.... ###..#.##.#
#......... #
...#..##.########.... ##.
#.##.##......# #.... ....
#............# #.<.. p.p..
#..@p........# #....
.<....##.##p#.#.....###....
#K......##.#.#............
####.....Kp#K##...........
###..p..#.###..§≈......
#.......# #§§§≈§..§≈≈
#.####### #.§§§§§≈≈≈§ #.#
#.§§≈§≈≈≈≈≈ #.. #..≈≈§§>≈≈.


You could see 3 slaves.

Vanquished Creatures
  A hound (D:4)
  3 adders
  An ooze (D:3)
  3 worms
  A leopard gecko (D:3)
  2 orcs (D:3)
  7 bats
  7 giant cockroaches
  5 goblins
  4 hobgoblins
  A quokka (D:3)
  7 frilled lizards
  5 kobolds
  7 rats
54 creatures vanquished.

Notes
Turn   | Place    | Note
-------+----------+-------------------------------------------
     0 | D:1      | Chiseanne the Demonspawn Wanderer began the quest for the Orb.
     0 | D:1      | Chiseanne set off with: a book of Minor Magic, a potion of lignification, the Grimoire of Envenoming, a +0 robe, a +0 dagger, a bread ration
     0 | D:1      | Reached XP level 1. HP: 13/13 MP: 4/4
     0 | D:1      | Identified the Grimoire of Envenoming
     2 | D:1      | Learned a level 1 spell: Magic Dart
   728 | D:1      | Gained mutation: You sometimes gain a little power by taking damage. [demonic ancestry]
   728 | D:1      | Reached XP level 2. HP: 19/19 MP: 1/6
   979 | D:1      | Reached skill level 1 in Fighting
  1340 | D:2      | Learned a level 2 spell: Blink
  1602 | D:2      | Gained mutation: You have large cloven feet. [demonic ancestry]
  1602 | D:2      | Reached XP level 3. HP: 25/26 MP: 1/8
  1709 | D:2      | Learned a level 3 spell: Mephitic Cloud
  1713 | D:2      | Learned a level 3 spell: Conjure Flame
  1836 | D:2      | Reached skill level 1 in Conjurations
  2379 | D:2      | Reached skill level 1 in Dodging
  2593 | D:3      | Found a transporter.
  2978 | D:3      | Reached XP level 4. HP: 19/32 MP: 5/9
  3168 | D:3      | Found a transporter.
  3172 | D:3      | Found a shattered altar of Ashenzari.
  3745 | D:4      | Found a stormy altar of Qazlal.
  3765 | D:4      | Noticed Pikel
  3765 | D:4      | Noticed a slave
  3765 | D:4      | Noticed a slave
  3787 | D:4      | Noticed a slave
  3791 | D:4      | Noticed a slave
  3792 | D:4      | Slain by a slave

Skill      XL: |  1  2  3  4 |
---------------+-------------+-----
Fighting       | 1 2 |  2.0
Conjurations   | 1 2 |  2.0
Dodging        | 1 |  1.3
Stealth        | |  1.0
Spellcasting   | |  3.9
Earth Magic    | |  1.7
Poison Magic   | |  3.0
Evocations     | |  1.0

Action                   |  1- 3 |  4- 6 || total
-------------------------+-------+-------++-------
Melee: Dagger            |    37 |    15 ||    52
       Kick              |     2 |     5 ||     7
 Cast: Magic Dart        |    97 |    37 ||   134
       Mephitic Cloud    |       |     1 ||     1
  Use: Scroll            |    13 |     1 ||    14
       Potion            |     1 |       ||     1
 Stab: Sleeping          |     1 |       ||     1
  Eat: Chunk             |     5 |     4 ||     9
Armor: Robe              |     7 |     2 ||     9
Dodge: Dodged            |    38 |    16 ||    54
